 Dungeon Crawl Stone Soup version 0.30-a0-782-ge64f9170bb (webtiles) character file.

Game seed: 7762805267090581951

14205 Querens the Protected (level 12, -3/80 HPs)
             Began as a Gargoyle Fighter on Feb 25, 2023.
             Was an Elder of Okawaru.
             Slain by an orc warrior
             ... wielding a +0 war axe
              (5 damage)
             ... on level 9 of the Dungeon.
             The game lasted 00:35:26 (7451 turns).

Querens the Protected (Gargoyle Fighter)            Turns: 7451, Time: 00:35:27

Health: -3/80      AC: 36    Str: 24    XL:     12   Next: 14%
Magic:  0/13       EV: 11    Int: 10    God:    Okawaru [****..]
Gold:   579        SH: 11    Dex:  9    Spells: 11/11 levels left

rFire   + + .      SeeInvis .    w - +0 broad axe
rCold   . . .      Faith    .    S - +0 kite shield
rNeg    + + .      Spirit   +    d - +5 plate armour of Bad Feelings {Contam rF++ Will+ rCorr}
rPois   ∞          Reflect  .    v - +1 helmet
rElec   +          Harm     .    A - +0 cloak
rCorr   +          Rampage  .    N - +0 pair of gloves
Will    +....                    L - +1 pair of boots Stlth
                                 K - amulet of guardian spirit
HPRegen 0.33/turn                o - ring of positive energy
MPRegen 0.13/turn                u - +5 ring of evasion

@: flying
A: sickness immunity, AC +8, negative energy resistance 1, electricity
resistance, torment resistance 1, petrification resistance
a: Renounce Religion, Heroism, Finesse


You were on level 9 of the Dungeon.
You worshipped Okawaru.
Okawaru was greatly pleased with you.
You visited 2 branches of the dungeon, and saw 11 of its levels.
You also visited: Bailey.

You collected 579 gold pieces.

Inventory:

Hand Weapons
 a - a +0 war axe
 h - the +3 hand axe of the Lumpy Dances {freeze, Drain rElec rF+}
   (You found it on level 10 of the Dungeon)

   rF:        It protects you from fire.
   rElec:     It insulates you from electricity.
   Drain:     It drains your maximum health when unequipped.
 w - a +0 broad axe (weapon)
Missiles
 P - 2 silver javelins (quivered)
 U - 7 curare-tipped darts
Armour
 d - the +5 plate armour of Bad Feelings (worn) {Contam rF++ Will+ rCorr}
   (You took it off a kobold in a bailey)

   rF:        It greatly protects you from fire.
   Contam:    It causes magical contamination when unequipped.
   rCorr:     It protects you from acid and corrosion.
   Will:      It increases your willpower.
 v - a +1 helmet (worn)
 A - a +0 cloak (worn)
 L - a +1 pair of boots (worn)
 N - a +0 pair of gloves (worn)
 S - a +0 kite shield (worn)
Jewellery
 c - a +5 ring of evasion
 o - a ring of positive energy (left hand)
 u - a +5 ring of evasion (right hand)
 E - a +6 ring of intelligence
 H - a ring of wizardry
 K - an amulet of guardian spirit (around neck)
Wands
 b - a wand of polymorph (1)
 I - a wand of mindburst (6)
Scrolls
 e - 3 scrolls of enchant weapon
 i - 2 scrolls of amnesia {unknown}
 l - 2 scrolls of magic mapping {unknown}
 m - 2 scrolls of poison {unknown}
 n - 2 scrolls of fear {unknown}
 p - 3 scrolls of fog
 t - a scroll of identify
 y - 2 scrolls of teleportation
 C - a scroll of immolation {unknown}
 D - 2 scrolls of silence {unknown}
 F - 2 scrolls of blinking {unknown}
 M - a scroll of summoning {unknown}
Potions
 f - a potion of curing
 g - 2 potions of lignification
 j - a potion of invisibility
 k - 3 potions of degeneration
 q - 3 potions of magic
 s - a potion of haste {unknown}
 z - 4 potions of brilliance
 B - 3 potions of resistance
 G - a potion of mutation {unknown}
 J - a potion of attraction {unknown}
 Q - a potion of cancellation {unknown}
 R - a potion of heal wounds {unknown}


   Skills:
 + Level 11.1 Fighting
 + Level 9.1 Axes
 + Level 11.1 Armour
 + Level 11.0 Shields
 + Level 2.5 Invocations


You had 11 spell levels left.
You didn't know any spells.
Your spell library contained the following spells:

 Spells                   Type           Power      Damage    Failure   Level
 Apportation              Tloc           0%         N/A       100%        1
 Beastly Appendage        Tmut           0%         N/A       100%        1
 Necrotise                Necr           0%         1d4       100%        1
 Wereblood                Tmut           0%         N/A       100%        2
 Dazzling Flash           Conj/Hex       0%         N/A       100%        3
 Hailstorm                Conj/Ice       0%         3d3       100%        3
 Spider Form              Tmut/Pois      0%         N/A       100%        3
 Stone Arrow              Conj/Erth      0%         3d7       100%        3
 Ice Form                 Ice/Tmut       0%         N/A       100%        4
 Agony                    Necr           0%         N/A       100%        5
 Alistair's Intoxication  Tmut/Pois      0%         N/A       100%        5
 Silence                  Hex/Air        0%         N/A       100%        5
 Lehudib's Crystal Spear  Conj/Erth      0%         10d2      100%        8
 Summon Small Mammal      Summ           Unusable   N/A       N/A         1
 Call Canine Familiar     Summ           Unusable   N/A       N/A         3
 Summon Guardian Golem    Hex/Summ       Unusable   N/A       N/A         3
 Animate Armour           Summ/Erth      Unusable   N/A       N/A         4
 Simulacrum               Ice/Necr       Unusable   N/A       N/A         6

Dungeon Overview and Level Annotations

Branches:
Dungeon (10/15)            Temple (1/1) D:5            Lair (0/5) D:9
 Bailey (visited)
    Orc: D:9-12

Altars:
Ashenzari
Cheibriados
Dithmenos
Elyvilon
Fedhas
Gozag
Hepliaklqana
Kikubaaqudgha
Makhleb
Nemelex Xobeh
Okawaru
Qazlal
Ru
Sif Muna
Trog
Uskayaw
Vehumet
Wu Jian
Xom
Yredelemnul
Zin
The Shining One

Annotations:
D:5 3 runed translucent doors, Gandelf's ghost, novice MiBe


Innate Abilities, Weirdness & Mutations

You are immune to sickness and miasma.
Your stone body is resilient. (AC +8)
You are immune to poison.
You resist negative energy. (rN+)
You are resistant to electric shocks. (rElec)
You are resistant to unholy torment.
You are immune to petrification.


Message History

The troll bites you but does no damage. You block the troll's attack.
The troll barely misses you.
You hit the orc warrior but do no damage.
The orc warrior is lightly wounded.
You closely miss the troll.
The orc warrior hits you but does no damage.
You block the troll's attack. The troll barely misses you. The troll claws you.
* * * LOW HITPOINT WARNING * * *
You hit the orc warrior but do no damage.
The orc warrior is lightly wounded.
You slash the troll!
The orc warrior hits you but does no damage.
The troll bites you but does no damage. The troll closely misses you.
The troll claws you but does no damage.
You slash the orc warrior!
The orc warrior is severely wounded.
You closely miss the troll. You block the orc warrior's attack.
The troll misses you. The troll claws you!
* * * LOW HITPOINT WARNING * * *
The troll claws you but does no damage.
The orc warrior hits you but does no damage.
You block the troll's attack. x2; The troll barely misses you.
You hit the orc warrior but do no damage.
The orc warrior is severely wounded.
You hit the troll.
The orc warrior hits you with a +0 war axe.
* * * LOW HITPOINT WARNING * * *
The troll bites you!
* * * LOW HITPOINT WARNING * * *
The troll claws you but does no damage. You block the troll's attack.
The orc warrior attacks as you move away!
The orc warrior hits you but does no damage.
The troll attacks as you move away! The troll bites you but does no damage.
The troll barely misses you. The troll claws you!
* * * LOW HITPOINT WARNING * * *
It was a potion of flight.
You feel very buoyant.
You fly up into the air.
The orc warrior hits you with a +0 war axe.
You die...

.....#..#...'.#.........'........
.....#..#####.#.......###........
.>...#.........##.....#..........
.....#........).......#...#####..
###K.#.....#.♣.♣.#....#...#...###
..#T##.............####...#......
...........♣.♣.♣.♣........#......
.............._o..........[......
...........♣.♣.♣@♣........#......
.####.....................#......
.'..#####..#.♣.♣.#........#######
.#......#........................
.#......#.#...#..................
.#.....##.#####.....######.......
.#.....#............#....#.......
#####...............#....#.......
.≈...#.......[......#....#{......


You could see an orc warrior.

Vanquished Creatures
  Josephine (D:10)
  3 two-headed ogres
  An orc knight (Bailey)
  An ugly thing (D:8)
  A cyclops (D:9)
  Psyche (D:7)
  A kobold demonologist (D:9)
  A troll (D:9)
  2 hornets (D:9)
  A dream sheep (D:10)
  6 yaks (D:10)
  2 wyverns
  3 wraiths (D:10)
  9 wargs (D:9)
  A naga (D:5)
  Edmund (D:6)
  A hell hound (D:9)
  10 orc warriors
  3 sky beasts
  5 centaurs
  10 kobold brigands
  5 bullfrogs
  Blork the orc (D:4)
  5 scorpions
  4 gnoll sergeants
  A necrophage (D:7)
  10 wights
  14 killer bees
  4 howler monkeys (D:9)
  2 electric eels (D:6)
  4 crimson imps (D:10)
  6 hounds
  3 jellies
  3 gnoll boudas (D:9)
  4 orc priests
  3 iguanas
  8 orc wizards
  8 gnolls
  7 adders
  3 shadow imps
  4 ufetubi
  4 dart slugs
  22 orcs
  11 ball pythons
  4 endoplasms
  7 giant cockroaches
  6 goblins
  6 hobgoblins
  8 jackals
  14 kobolds
  A quokka (D:5)
  4 bats
  4 frilled lizards
  3 rats
257 creatures vanquished.

Vanquished Creatures (collateral kills)
  Pikel (D:5)
  An ogre (D:4)
2 creatures vanquished.

Vanquished Creatures (others)
  A scorpion (D:5)
  3 fungi (D:9)
  8 plants (D:9)
12 creatures vanquished.

Grand Total: 271 creatures vanquished

Notes
Turn   | Place    | Note
-------+----------+-------------------------------------------
     0 | D:1      | Querens the Gargoyle Fighter began the quest for the Orb.
     0 | D:1      | Reached XP level 1. HP: 14/14 MP: 1/1
     3 | D:1      | Noticed an electric eel
     3 | D:1      | Noticed an electric eel
   147 | D:1      | Reached XP level 2. HP: 18/19 MP: 2/2
   588 | D:1      | Reached XP level 3. HP: 23/23 MP: 3/3
   798 | D:2      | Reached XP level 4. HP: 23/29 MP: 4/4
   862 | D:2      | Found a faded altar of an unknown god.
  1468 | D:3      | Reached XP level 5. HP: 22/33 MP: 5/5
  1555 | D:3      | Found a broken altar of Ashenzari.
  2067 | D:4      | Noticed Blork the orc
  2084 | D:4      | Killed Blork the orc
  2180 | D:4      | Reached XP level 6. HP: 33/39 MP: 6/6
  2414 | D:4      | Found a shimmering blue altar of Sif Muna.
  2488 | D:4      | Found a white marble altar of Elyvilon.
  2565 | D:5      | Entered Level 5 of the Dungeon
  2576 | D:5      | Reached skill level 5 in Fighting
  2576 | D:5      | Reached skill level 5 in Armour
  2576 | D:5      | Reached skill level 5 in Shields
  2576 | D:5      | Reached XP level 7. HP: 38/44 MP: 7/7
  2747 | D:5      | Noticed Pikel
  2768 | D:5      | Killed Pikel
  2769 | D:5      | Reached XP level 8. HP: 41/51 MP: 8/8
  2816 | D:5      | Found a runed translucent gate.
  2816 | D:5      | Found a runed translucent gate.
  2817 | D:5      | Found a runed translucent gate.
  2899 | D:5      | Found a staircase to the Ecumenical Temple.
  2908 | Temple   | Entered the Ecumenical Temple
  2908 | Temple   | Found a transporter.
  2908 | Temple   | Found a transporter.
  2910 | Temple   | Found a transporter.
  2910 | Temple   | Found a transporter.
  3103 | D:5      | Found a sparkling altar of Nemelex Xobeh.
  3118 | D:5      | Reached skill level 5 in Axes
  3153 | D:5      | Found a shadowy altar of Dithmenos.
  3331 | D:5      | Found an opulent altar of Gozag.
  3331 | D:5      | Noticed a wyvern
  3332 | D:5      | Noticed Gandelf's ghost (novice MiBe)
  3571 | D:6      | Reached XP level 9. HP: 56/56 MP: 9/9
  3609 | D:6      | Noticed Edmund
  4011 | D:6      | Killed Edmund
  4434 | D:8      | Noticed Psyche
  4434 | D:8      | Noticed a red ugly thing
  4569 | D:8      | Reached XP level 10. HP: 64/64 MP: 10/10
  4931 | D:7      | Killed Psyche
  5141 | D:9      | Found an iron altar of Okawaru.
  5155 | D:9      | Became a worshipper of Warmaster Okawaru
  5194 | D:9      | Found a staircase to the Lair.
  5597 | D:9      | Reached * piety under Okawaru
  5657 | D:9      | Noticed a kobold demonologist
  5674 | D:9      | Killed a kobold demonologist
  5722 | D:9      | Reached XP level 11. HP: 64/71 MP: 11/11
  5788 | D:9      | Noticed a deep elf pyromancer
  5791 | D:9      | a deep elf pyromancer changed into a cyclops
  5791 | D:9      | Noticed a cyclops
  5797 | D:9      | Killed a cyclops
  5833 | D:9      | Reached ** piety under Okawaru
  5919 | D:10     | Entered Level 10 of the Dungeon
  6081 | D:10     | Reached skill level 10 in Armour
  6128 | D:10     | Noticed a two-headed ogre
  6131 | D:10     | a two-headed ogre changed into a dream sheep
  6140 | D:10     | Reached skill level 10 in Fighting
  6143 | D:10     | Noticed Josephine
  6154 | D:10     | Reached skill level 10 in Shields
  6161 | D:10     | Killed Josephine
  6260 | D:10     | Found a flagged portal.
  6269 | D:10     | Identified the +3 hand axe of the Lumpy Dances {freeze,
                  | Drain rElec rF+}
  6296 | D:10     | Reached *** piety under Okawaru
  6340 | Bailey   | Entered a bailey
  6548 | Bailey   | Identified the +5 plate armour of Bad Feelings {Contam rF++
                  | Will+ rCorr}
  6572 | Bailey   | Noticed an orc knight
  6612 | Bailey   | Killed an orc knight
  6615 | Bailey   | Reached **** piety under Okawaru
  6694 | Bailey   | Found a burning altar of Makhleb.
  6811 | D:10     | Found a shimmering altar of Xom.
  6845 | D:10     | Noticed a two-headed ogre
  6851 | D:10     | Noticed a two-headed ogre
  6866 | D:10     | Killed a two-headed ogre
  6867 | D:10     | Reached skill level 1 in Invocations
  6876 | D:10     | Killed a two-headed ogre
  6943 | D:10     | Reached XP level 12. HP: 64/79 MP: 13/13
  7181 | D:10     | Identified the +2 robe of the Original Sin {Drain Str+5}
  7223 | D:9      | Noticed a two-headed ogre
  7229 | D:9      | Killed a two-headed ogre
  7450 | D:9      | HP: 1/80 [troll (8)]
  7451 | D:9      | Slain by an orc warrior

Illustrated notes

Levels and vault maps discovered:
D:1:      arrival_aquarium_b, layout_loops_corners, minmay_tetromino_s4
D:2:      layout_rooms, chequers_ecumenical_altar_twisty
D:3:      layout_basic, cheibrodos_ashenzari_chains, hangedman_feature_mirror
D:4:      layout_loops_cross, chequers_temple_overflow_statue_of_worship,
          uniq_blork_the_orc
D:5:      layout_gridville, grunt_temple_overflow_open,
          lemuel_temple_firewalk_b, ebering_ghost_gozag, uniq_pikel
D:6:      layout_loops_ring, nicolae_lava_and_water, kennysheep_dice,
          uniq_edmund
D:7:      layout_cave_pools
D:8:      layout_cave_pools, uniq_psyche
D:9:      lemuel_castle_with_subvaults [lemuel_castle_interior_carwin_3],
          layout_irregular_city, okawaru_trees_1, dpeg_oklobed_lair
D:10:     nicolae_cairo_tiling_large, layout_long_grid, led_xom_imps,
          enter_bailey_2, kennysheep_generic_room_7, uniq_josephine
Temple:   hellmonk_temple_divided_pantheon

Skill      XL: |  1  2  3  4  5  6  7  8  9 10 11 12 |
---------------+-------------------------------------+-----
Axes           | 2 3 4 5 6 7 8 9 |  9.1
Armour         | 4 5 6 8 9 10 11 | 11.1
Fighting       | 4 5 6 8 9 10 11 | 11.1
Shields        | 4 5 6 8 9 10 11 | 11.0
Invocations    | 1 2 |  2.5

Action                     |  1- 3 |  4- 6 |  7- 9 | 10-12 || total
---------------------------+-------+-------+-------+-------++-------
  Melee: War axe           |    86 |   110 |   362 |   518 ||  1076
         Broad axe         |       |       |       |   193 ||   193
  Throw: Throwing net      |       |     3 |       |     1 ||     4
         Dart              |       |       |       |     7 ||     7
 Invoke: Heroism           |       |       |       |     1 ||     1
  Evoke: Wand              |       |     2 |     4 |    19 ||    25
    Use: Scroll            |       |       |       |    13 ||    13
         Potion            |       |       |       |     6 ||     6
   Stab: Held in net/web   |       |     1 |       |       ||     1
         Invisible         |       |       |       |     8 ||     8
 Armour: Scale mail        |     3 |       |       |       ||     3
         Ring mail         |    59 |    46 |   157 |       ||   262
         Plate armour      |       |       |    37 |   542 ||   579
         Skin              |       |       |       |     3 ||     3
  Dodge: Dodged            |    51 |    76 |   340 |   546 ||  1013
  Block: Buckler           |    22 |    27 |   119 |    56 ||   224
         Kite shield       |       |       |       |   430 ||   430

Table legend: (Time is in decaauts)
 A = Elapsed time spent in this place.
 B = Non-inter-level travel time spent in this place.
 C = Inter-level travel time spent in this place.
 D = Time resting spent in this place.
 E = Time spent auto-exploring this place.
 F = Levels seen in this place.
 G = Mean time per level.
                   A        B        C        D        E       F      G
               +--------+--------+--------+--------+--------+-----+--------+
         Total |   7812 |   7432 |    380 |    190 |      0 |  12 |  651.0 |
       Dungeon |   7372 |   6992 |    380 |     36 |      0 |  10 |  737.2 |
        Temple |     35 |     35 |      0 |      0 |      0 |   1 |   35.0 |
        Bailey |    404 |    404 |      0 |    154 |      0 |   1 |  404.0 |
               +--------+--------+--------+--------+--------+-----+--------+

Top non-repeatable levels by time:
     D:9: 1241 daAuts
     D:3: 1082 daAuts
    D:10: 994 daAuts
     D:5: 759 daAuts
     D:6: 718 daAuts
     D:1: 690 daAuts
     D:4: 549 daAuts
     D:7: 505 daAuts
     D:8: 484 daAuts
  Bailey: 404 daAuts
     D:2: 346 daAuts
  Temple: 35 daAuts
